 Dungeon Crawl Stone Soup version 0.19.0-20-gbc5f0c6 (webtiles) character file.

329 kuniqs the Cutter (level 6, 0/32 HPs)
             Began as a Vine Stalker Chaos Knight on Nov 16, 2016.
             Killed from afar by an orc wizard (15 damage)
             ... with a puff of flame
             ... on level 5 of the Dungeon.
             The game lasted 00:10:12 (3733 turns).

kuniqs the Cutter (Vine Stalker Chaos Knight)       Turns: 3733, Time: 00:10:13

Health: 0/32       AC: 12    Str: 10      XL:     6   Next: 51%
Magic:  0/7        EV: 13    Int: 10 (12) God:    Xom [..*...]
Gold:   212        SH:  0    Dex: 15      Spells: 0 memorised, 5 levels left

rFire  x . .     SeeInvis .     a - +0 short sword (chaos)
rCold  . . .     Gourm    +     b - +2 leather armour
rNeg   + . .     Faith    .     (no shield)
rPois  .         Spirit   +     s - +2 helmet of the Sunfish {rElec rF- Regen+ Str-5}
rElec  +         Reflect  .     f - +2 cloak
rCorr  +         Harm     .     g - +0 pair of gloves {archery}
MR     .....     Clarity  +     (no boots)
Stlth  ++........               r - amulet of the gourmand
                                i - ring of resist corrosion
                                m - ring of positive energy

@: no status effects
A: fangs 2, clarity, regeneration 1, magic shield, antimagic bite, no device
heal 3, rot immunity
a: Renounce Religion


You were on level 5 of the Dungeon.
You worshipped Xom.
You were a toy of Xom.
You were very hungry.

You visited 2 branches of the dungeon, and saw 6 of its levels.

You collected 212 gold pieces.

Inventory:

Hand Weapons
 a - a +0 short sword of chaos (weapon)
Armour
 b - a +2 leather armour (worn)
 f - a +2 cloak (worn)
 g - a +0 pair of gloves of archery (worn)
 s - the +2 helmet of the Sunfish (worn) {rElec rF- Regen+ Str-5}
   (You took it off Robin on level 3 of the Dungeon)

   It affects your strength (-5).
   It makes you vulnerable to fire.
   It insulates you from electricity.
   It increases your rate of regeneration.
Jewellery
 i - a ring of resist corrosion (right hand)
 m - a ring of positive energy (left hand)
 r - an amulet of the gourmand (around neck)
Wands
 t - a wand of iceblast (9/15)
 v - a wand of lightning (7/15)
Scrolls
 e - 2 scrolls of enchant armour
 h - 2 scrolls of teleportation {unknown}
 j - a scroll of fear {unknown}
 q - a scroll of enchant weapon
Potions
 d - a potion of cancellation
 l - a potion of haste
 o - a potion of flight
 p - a potion of invisibility
 u - a potion of curing {unknown}
Comestibles
 c - 4 bread rations
 k - 4 fruits
 n - 2 meat rations


   Skills:
 - Level 2.6 Fighting
 + Level 4.4 Short Blades
 - Level 1.5 Armour
 + Level 3.3 Dodging
 - Level 3.7 Stealth


You had 5 spell levels left.
You didn't know any spells.

Dungeon Overview and Level Annotations

Branches:
Dungeon (5/15)             Temple (1/1) D:4

Altars:
Ashenzari
Cheibriados

Annotations:
D:1 Terence
D:3 Capuchin's ghost, weakling MiFi


Innate Abilities, Weirdness & Mutations

You have extremely sharp teeth.
Your natural rate of healing is unusually fast.
When hurt, damage is shared between your health and your magic reserves.
Your bite disrupts and absorbs the magic of your enemies.
Potions and wands cannot restore your health.
You are immune to rotting.
You possess an exceptional clarity of mind.


Message History

A puff of flame appears from out of thin air!
The puff of flame hits you! The fire burns you terribly!
You hit something. Something hits you but does no damage.
You miss something. You bite something. Something hits you but does no damage.
You miss something. Something hits you but does no damage.
You miss something.
You hear some strange, mumbled words.
A puff of frost appears from out of thin air!
The puff of frost hits you!
You miss something.
You hear some strange, mumbled words.
A magic dart appears from out of thin air!
The magic dart hits you!
You miss something.
You hear some strange, mumbled words.
A puff of flame appears from out of thin air!
The puff of flame hits you! The fire burns you terribly!
Xom roars with laughter!
You die... "Huh?
Did I miss anything?"

......
.....
r...#
....#
....#
....#
###....#
#@{....+
###....#
?...#
....#
....#
....#
....#
###..


There were no monsters in sight!

Vanquished Creatures
  A scorpion (D:4)
  2 howler monkeys (D:4)
  An orc wizard (D:5)
  Jessica (D:3)
  Robin (D:3)
  3 gnolls
  2 adders
  3 worms
  4 dart slugs
  5 leopard geckos
  4 giant cockroaches
  9 goblins
  8 hobgoblins
  4 jackals (D:1)
  3 quokkas
  8 bats
  A frilled lizard (D:4)
  4 kobolds
  5 rats
69 creatures vanquished.

Notes
Turn   | Place    | Note
-------+----------+-------------------------------------------
     0 | D:1      | kuniqs the Vine Stalker Chaos Knight began the quest for the Orb.
     0 | D:1      | Reached XP level 1. HP: 11/11 MP: 2/2
   177 | D:1      | Reached skill level 1 in Dodging
   271 | D:1      | Reached skill level 1 in Stealth
   290 | D:1      | Reached XP level 2. HP: 16/16 MP: 3/3
   460 | D:1      | XOM: harmless Chrm miscast
   473 | D:2      | Noticed Terence
   477 | D:2      | XOM: potion effect (might)
   816 | D:1      | XOM: harmless Conj miscast
   835 | D:1      | Reached XP level 3. HP: 16/19 MP: 4/4
  1088 | D:1      | XOM: divination: magic mapping
  1263 | D:1      | XOM: harmless Fire miscast
  1449 | D:3      | Reached skill level 3 in Short Blades
  1452 | D:3      | Noticed Capuchin's ghost (weakling MiFi)
  1613 | D:2      | XOM: silly message
  1893 | D:2      | Gained mutation: Your natural rate of healing is unusually fast. [Vine Stalker growth]
  1893 | D:2      | Reached XP level 4. HP: 22/23 MP: 5/5
  2171 | D:3      | Noticed Jessica
  2171 | D:3      | XOM: potion effect (agility)
  2185 | D:3      | Killed Jessica
  2434 | D:3      | XOM: give mutation
  2434 | D:3      | Gained mutation: You possess an exceptional clarity of mind. [Xom's grace]
  2442 | D:3      | Noticed Robin
  2443 | D:3      | XOM: harmless Tmut miscast
  2484 | D:3      | Killed Robin
  2487 | D:3      | Got a jewelled helmet
  2494 | D:3      | Identified the +2 helmet of the Sunfish {rElec rF- Regen+ Str-5} (You took it off Robin on level 3 of the Dungeon)
  2494 | D:3      | GRRRRR
  2545 | D:3      | XOM: god gift: scroll labeled UKLENI RIPA {god gift}
  2548 | D:3      | THANKS A PANTLOAD BRo
  2557 | D:3      | XOM: cleaving
  2559 | D:3      | Reached XP level 5. HP: 27/27 MP: 6/6
  2884 | D:3      | XOM: cast spell 'Dragon Form'
  2992 | D:4      | Found a staircase to the Ecumenical Temple.
  2996 | Temple   | Entered the Ecumenical Temple
  3073 | D:4      | Found a snail-covered altar of Cheibriados.
  3088 | D:4      | XOM: fog
  3243 | D:4      | Reached skill level 4 in Short Blades
  3243 | D:4      | Reached XP level 6. HP: 30/32 MP: 7/7
  3398 | D:4      | XOM: enchant monster (bad)
  3422 | D:4      | Found a shattered altar of Ashenzari.
  3523 | D:4      | XOM: mild Conj miscast
  3553 | D:4      | XOM: harmless Divn miscast
  3692 | D:5      | Entered Level 5 of the Dungeon
  3699 | D:5      | XOM: blink monster(s)
  3733 | D:5      | Killed from afar by an orc wizard

Skill      XL: |  1  2  3  4  5  6 |
---------------+-------------------+-----
Dodging        | 1 2 3 |  3.3
Stealth        | 1 2 3 |  3.7
Short Blades   | 3 4 |  4.4
Fighting       | |  2.6
Armour         | |  1.5

Action                   |  1- 3 |  4- 6 || total
-------------------------+-------+-------++-------
Melee: Short sword       |   124 |   150 ||   274
       Bite              |    23 |    30 ||    53
       Unarmed           |       |     1 ||     1
  Use: Scroll            |     4 |     4 ||     8
       Potion            |     1 |     4 ||     5
 Stab: Sleeping          |     2 |     3 ||     5
       Paralysed         |     1 |       ||     1
       Petrified         |     1 |       ||     1
       Distracted        |       |     1 ||     1
       Petrifying        |       |     1 ||     1
  Eat: Chunk             |     3 |     4 ||     7
       Pizza             |       |     1 ||     1
Armor: Leather armour    |    46 |    41 ||    87
       Skin              |       |     1 ||     1
Dodge: Dodged            |    83 |    68 ||   151
